 Dungeon Crawl Stone Soup version 0.25.1-8-g42b30a86e7 (webtiles) character file.

Game seed: 4803336248433970119

102 KamiKatze the Magician (level 4, -6/25 HPs)
             Began as a Deep Elf Fire Elementalist on Dec 8, 2020.
             Mangled by Sigmund
             ... wielding a +0 scythe of protection
              (11 damage)
             ... on level 3 of the Dungeon.
             The game lasted 00:13:33 (2540 turns).

KamiKatze the Magician (Deep Elf Fire Elementalist) Turns: 2540, Time: 00:13:33

Health: -6/25      AC:  3    Str:  5    XL:     4   Next: 49%
Magic:  5/11       EV: 13    Int: 21    God:
Gold:   175        SH:  0    Dex: 15    Spells: 2/10 levels left

rFire    . . .     SeeInvis .   u - +0 short sword (venom)
rCold    . . .     Gourm    .   (no shield)
rNeg     . . .     Faith    .   a - +0 robe
rPois    .         Spirit   .   (no helmet)
rElec    .         Reflect  .   (no cloak)
rCorr    .         Harm     .   A - +0 pair of gloves
MR       .....                  (no boots)
Stlth    +.........             (no amulet)
HPRegen  0.08/turn              (no ring)
MPRegen  0.12/turn              (no ring)

@: confused, very slightly contaminated
A: no striking features
a: no special abilities


You were on level 3 of the Dungeon.
You were not hungry.

You visited 1 branch of the dungeon, and saw 3 of its levels.

You collected 175 gold pieces.

Inventory:

Hand Weapons
 b - a cursed -2 mace
 e - a +0 dagger
 u - a +0 short sword of venom (weapon)
Missiles
 m - 24 poisoned darts (quivered)
Armour
 a - a +0 robe (worn)
 s - a +0 ring mail
 v - a +0 leather armour
 w - a +0 scale mail
 A - a +0 pair of gloves (worn)
Scrolls
 d - 2 scrolls of enchant weapon {unknown}
 g - 2 scrolls of fog {unknown}
 i - 2 scrolls of remove curse {unknown}
 o - 7 scrolls of identify {unknown}
 r - a scroll of enchant armour {unknown}
 t - 3 scrolls of teleportation {unknown}
 y - a scroll of noise {unknown}
Potions
 h - a potion of degeneration {unknown}
 j - a potion of haste {unknown}
 k - a potion of stabbing {unknown}
 l - a potion of brilliance {unknown}
 n - a potion of curing {unknown}
 p - a potion of invisibility {unknown}
 q - 2 potions of resistance {unknown}
 x - 2 potions of magic {unknown}
 z - a potion of heal wounds {unknown}
 B - a potion of lignification {unknown}
Comestibles
 c - 10 rations


   Skills:
 + Level 1.0 Fighting
 + Level 2.9 Dodging
 + Level 2.9 Stealth
 * Level 3.9 Spellcasting
 * Level 2.7 Conjurations
 * Level 3.8 Fire Magic


You had 2 spell levels left.
You knew the following spells:

 Your Spells              Type           Power        Failure   Level  Hunger
a - Foxfire               Conj/Fire      ###.         3%          1    None
b - Conjure Flame         Conj/Fire      ###.....     10%         3    ###....
c - Sticky Flame          Conj/Fire      ###.....     30%         4    ####...

Your spell library contained the following spells:

 Spells                   Type           Power        Failure   Level  Hunger
 Inner Flame              Hex/Fire       ##......     16%         3    ###....
 Fireball                 Conj/Fire      ###.......   65%         5    ######.


Dungeon Overview and Level Annotations

Branches:
Dungeon (3/15)

Altars:
Dithmenos
Hepliaklqana
Sif Muna
The Shining One

Annotations:
D:3 Sigmund


Message History

The foxfire hits something but does no damage. x2
Casting: Foxfire (safe; 3% risk of failure)
Confirm with . or Enter, or press ? or * to list all spells.
You miscast Foxfire.
You are very lightly contaminated with residual magic.
Nothing appears to happen.
The foxfire hits something but does no damage. x2
You hear some strange, mumbled words.
You are confused.
You're too confused to cast spells.
You're too confused to cast spells.
You hear some strange, mumbled words.
A magic dart appears from out of thin air!
The magic dart hits you.
* * * LOW HITPOINT WARNING * * *
A magic dart appears from out of thin air!
The magic dart hits you.
* * * LOW HITPOINT WARNING * * *
Something hits you!
You die...

#####...#####.#.###.###........
#...'.............#.###.#......
#.###...........#...........###
#.###.>..####.#.#.#......#.####
#.#.'.........#.#.#.#####....##
#.###...#..####.#..........#.##
###.######...###..#.#.#####..#.##
#.....................#####.##...
##########......@{..#.#..........
#.####..####.#..#.#.###.#####
#............#..#.#.# #.#####
#.####..##..###...#.# #...... #.#
#..#..## ##..#.######### #.#
#....#'...##..+#...# #
#####.####...##..⌠..##....#.# ###
#.......#...##..⌠.⌠..##.....# #.#
#.#####...###..⌠._@⌠..###...# #.#


There were no monsters in sight!

Vanquished Creatures
  A gnoll (D:1)
  2 adders
  An ooze (D:1)
  A worm (D:3)
  3 dart slugs (D:1)
  2 leopard geckos
  3 orcs (D:3)
  3 bats
  2 giant cockroaches (D:2)
  10 goblins
  5 hobgoblins
  2 jackals (D:2)
  6 kobolds
  2 quokkas
  4 frilled lizards
  7 rats
54 creatures vanquished.

Vanquished Creatures (others)
  146 foxfires
146 creatures vanquished.

Grand Total: 200 creatures vanquished

Notes
Turn   | Place    | Note
-------+----------+-------------------------------------------
     0 | D:1      | KamiKatze the Deep Elf Fire Elementalist began the quest
                  | for the Orb.
     0 | D:1      | Reached XP level 1. HP: 10/10 MP: 6/6
   144 | D:1      | Reached XP level 2. HP: 14/15 MP: 5/8
   595 | D:1      | Reached XP level 3. HP: 20/20 MP: 3/10
   859 | D:2      | Found a shadowy altar of Dithmenos.
   990 | D:2      | Found a hazy altar of Hepliaklqana.
  1308 | D:2      | Reached XP level 4. HP: 24/24 MP: 6/11
  1427 | D:2      | Found a faded altar of an unknown god.
  1713 | D:3      | Found a glowing golden altar of the Shining One.
  1732 | D:3      | Noticed Sigmund
  1915 | D:3      | Reached skill level 1 in Fighting
  1939 | D:3      | Learned a level 3 spell: Conjure Flame
  1944 | D:3      | Learned a level 4 spell: Sticky Flame
  2004 | D:3      | Found a shimmering blue altar of Sif Muna.
  2540 | D:3      | Mangled by Sigmund

Illustrated notes

Levels and vault maps discovered:
D:1:      tarquinn_simple_flora_water_d, layout_loops_cross
D:2:      layout_rooms, lemuel_doored_altar,
          nicolae_dithmenos_through_a_glass_darkly,
          chequers_ecumenical_altar_twisty, minmay_misc_feat_alley
D:3:      layout_basic, marbit_many_paths, tso_metal_star, uniq_sigmund

Skill      XL: |  1  2  3  4 |
---------------+-------------+-----
Conjurations   | 2 |  2.7
Fighting       | 1 |  1.0
Dodging        | |  2.9
Stealth        | |  2.9
Spellcasting   | |  3.9
Fire Magic     | |  3.8

Action                   |  1- 3 |  4- 6 || total
-------------------------+-------+-------++-------
Melee: Dagger            |    10 |       ||    10
       Short sword       |       |    21 ||    21
 Cast: Foxfire           |    62 |    25 ||    87
 Stab: Sleeping          |       |     2 ||     2
  Eat: Chunk             |     1 |     4 ||     5
Armor: Robe              |     1 |     1 ||     2
Dodge: Dodged            |    13 |     8 ||    21
